[Event "44th Chess Olympiad Open 2022"]
[Site "Chennai"]
[Date "2022.08.03"]
[Round "6.16"]
[White "Krysa, Leandro"]
[Black "Kuzubov, Yuriy"]
[Result "1-0"]
[WhiteElo "2515"]
[BlackElo "2642"]
[Annotator "TA"]
[PlyCount "63"]
[EventDate "2022.??.??"]
[TimeControl "60"]

1. d4 Nf6 2. c4 e6 3. Nf3 d5 4. Nc3 Nbd7 5. Bf4 dxc4 6. e3 {[%emt 0:00:30] D37: Queen's Gambit Declined: 5 Bf4.} b5 7. Nxb5 Bb4+ 8. Nd2 {[%emt 0:01:29]
White is slightly better.} Nd5 9. Bg3 (9.
Bxc4 Nxf4 10. exf4 Nb6 $11) 9... N7b6 ({Much less strong is} 
9... a6 10. Nc3 $16) 10. a3 Ba5 11. Rc1 $36 {
[%emt 0:00:24] Black is under pressure.} O-O 12. Nc3 {[%emt 0:
00:30] [#]} Nxc3 $146 ({Predecessor:} 12... Bb7 13. Nxc4 Nxc4
14. Bxc4 Nxc3 15. bxc3 Bxg2 16. Rg1 Be4 17. Qh5 Bf5 18. Ke2 Bb6 {1-0 (41)
Gelfand,B (2676)-Kramnik,V (2753) chess24.com INT 2020}) 13. bxc3 Nd5 14. Bxc4 Nxc3 15.
Qf3 Rb8 {[%emt 0:11:03] [#] Threatens to win with ...Nb1.
Black is now going downhill.} 16. O-O Bb7 (
16... Rb2 $142 17. Nb3 Ne2+ 18. Bxe2 Rxb3) 17. Qh5 $16 Bd5 (17... Nd5 $16) 18. e4 $1 $18 ({Resist} 18.
Bd3 $6 g6 19. Qh6 Rb2 $14) 18... g6 $2 {[%emt 0:07:38] [#]} (18... Rb2) 19. Qf3
$1 Nb5 20. exd5 Bxd2 21. dxe6 {[%emt 0:01:14] White is clearly winning.} Nd6 22. exf7+ Nxf7 23. Rc2 Bg5 24. Be6 {[%emt 0:02:47] This bishop pair
is nice.} Qe7 25. d5 Rb7 26. h4 Bxh4 27. Bxh4 Qxh4 28. d6 c6 29. Rxc6 {[%emt 0:02:16][%cal Yc2c6,Yc6c4,Yc4d4] Hoping for Rc4.} Kg7 30. Rc4 Qf6 31. Qxb7 {
[%emt 0:00:15] Threatening mate with Bxf7.} Qxe6 32. Rd4 {
[%emt 0:00:46] Weighted Error Value: White=0.01 (flawless) /Black=0.29 
(precise)} 1-0

[Event "44th Chess Olympiad Open 2022"]
[Site "Chennai"]
[Date "2022.08.03"]
[Round "6.17"]
[White "Banusz, Tamas"]
[Black "Draskovic, Luka"]
[Result "1-0"]
[WhiteElo "2611"]
[BlackElo "2503"]
[Annotator "TA"]
[PlyCount "113"]
[EventDate "2022.??.??"]
[TimeControl "60"]

1. Nf3 Nf6 2. g3 g6 3. Bg2 Bg7 4. c4 d6 5. Nc3 O-O 6. d4 Nc6 7. O-O e5 8. h3 Nxd4 9. Nxd4 exd4 10.
Qxd4 Be6 {[%emt 0:01:23][%cal Yf6d5] E62: King's Indian:
Fianchetto: 6...c6 and Panno Variation (6...Nc6) without ...a6.} 11. Qh4 (11. Bxb7 Nd7 $1 12. Qd2 Bxh3 $15) 11... Nh5 12. Bg5 {[%emt 0:00:29] [#]} ({Much weaker is} 12. Bxb7 Qxh4 13. gxh4 Rab8 $17)
12... f6 $146 {[%emt 0:03:55] The position is equal.} ({Predecessor:} 12... Bf6
13. Bxf6 Qxf6 14. Qxf6 Nxf6 15. b3 Rab8 16. Nb5 Ne8 17. Rfd1 a6 18. Nd4 Ng7 19.
Rd3 Nf5 20. e4 Kg7 21. h4 h6 22. g4 {1-0 (22) Erdos,V (2586)-Gomez Barrera,J 
(2210) Biel 2022}) 13. Bd2 f5 14. Qxd8 ({Avoid the trap} 14. Bxb7 $2 Bf6 15. Bg5 Bxg5 $19) 14... Raxd8 15. b3 c6 16. Rfd1 Nf6 17. Rac1 d5 18.
cxd5 Nxd5 19. Nxd5 Bxd5 20. Bb4 Rfe8 21. Bxd5+ cxd5 22. Kf1 {[%emt 0:01:19] Threatens to win
with Rc7.} Rd7 {[%emt 0:01:04] Inhibits Rc7.} 23. Bc5 a6 24. Bd4 Bxd4 25. Rxd4 $11 {
[%emt 0:00:05] Endgame KRR-KRR} Re4 26. Rd2 Kf7 27. Rc5 Ke6 28. f3 Re5 29. Rd4 Kd6 30. Ra5 Kc6 31. Kf2 Re6 32. b4 $1 Red6 33. Rc5+ Kb6 34. a4 {[%emt 0:03:11][%cal Ya2a4,Ya4a5]
White is more active.} Ka7 35. a5 b6 36. Rc2 Kb7 37. h4 (37. Rcd2 $16) 37... Rc7 38. Rxc7+ Kxc7 {[%emt 0:00:04] KR-KR} 39. Ke3 bxa5 (
39... Kc6 $11 {keeps the balance.}) 40. bxa5 $16 Kc6 (40... Re6+ $14 41. Kd3 Kc6) 41. Rb4 $1 $18 Kc5 42. Rb7 Re6+ 43. Kd3 h5 {[%emt 0:00:10] [#]} (43... h6 $16 {might work better.}) 44.
e3 $1 Rc6 45. Rb3 Re6 {
[%emt 0:02:05] [#]} 46. Rc3+ ({White has to play} 46. Rb1 $1
$18 {aiming for Rb2.} Rf6 47. Rc1+ Kb4 48. Kd4) 46... Kb5 (
46... Kb4 $16 {was worth a try.} 47. Kd4 Kxa5) 47. Kd4 Kxa5 48. Kxd5 Kb4 $2 {[%emt 0:05:48] A mistake
that costs the game.} (48... Re8 $16) 49. Rc4+ {[%emt 0:02:53] White is
clearly winning.} ({Weaker is} 49. Kxe6 Kxc3 50. e4 fxe4 51. fxe4 a5 $18) 49...
Kb3 50. e4 {[%emt 0:00:59] And now Rc8 would win.} fxe4 51. fxe4 Re8 52. Rc6 Ra8 53.
e5 a5 54. e6 a4 55. e7 a3 56. Rc1 Kb2 57. Re1 {[%emt 0:00:00] Weighted Error Value: White=0.10 (very
precise) /Black=0.21 (precise)} 1-0

[Event "44th Chess Olympiad Open 2022"]
[Site "Chennai"]
[Date "2022.08.03"]
[Round "6.17"]
[White "Erdos, Viktor"]
[Black "Kadric, Denis"]
[Result "1/2-1/2"]
[WhiteElo "2586"]
[BlackElo "2554"]
[Annotator "TA"]
[PlyCount "60"]
[EventDate "2022.??.??"]
[TimeControl "60"]

1. e4 e5 2. Nf3 Nf6 3. Nxe5 d6 4. Nf3 Nxe4 5. c4 Nc6 6. Nc3 Nxc3 7. dxc3 {[%emt 0:00:06] The position is equal.} g6 $1 {[%emt 0:01:14] now
scores much better than the old 7...Be7. C42: Petroff Defence: 3 Nxe5 and
unusual White 3rd moves.} 8. Bg5 Be7 9. Bh6 Bf8 10. Be3 Qe7 11. Be2 Bg7 12. O-O O-O 13. Re1 {[%emt 0:00:08] [#]} Re8 $146 ({
Predecessor:} 13... Bf5 14. c5 dxc5 15. Bf4 Nd8 16. Bg5 {½-½ (14) Tilicheev,
V-Simeonov,L (2279) ICCF email 2017}) 14. Bf1 Qf8 15. Nd4 Nxd4 16. cxd4 Bf5 17. Qd2 b6 18. Rac1 h5 19. Bd3 Bxd3 20. Qxd3 Re6 21. Bd2 Rae8 22. Kf1 Bh6 23. b3 Bxd2 24. Qxd2 Qg7 25. Rxe6 Rxe6 26. Re1 Rxe1+ 27. Kxe1 $11 {[%emt 0:00:03] KQ-KQ} Qf6 28. f3 a5 29. Kf2 c5 30. dxc5 dxc5 {[%emt 0:00:02] An even fight
not without its subleties. Weighted Error Value: White=0.02 (flawless) /
Black=0.01 (flawless)} 1/2-1/2

[Event "44th Chess Olympiad Open 2022"]
[Site "Chennai"]
[Date "2022.08.03"]
[Round "6.17"]
[White "Djukic, Nikola"]
[Black "Berkes, Ferenc"]
[Result "1/2-1/2"]
[WhiteElo "2526"]
[BlackElo "2649"]
[Annotator "TA"]
[PlyCount "60"]
[EventDate "2022.??.??"]
[TimeControl "60"]

1. e4 e5 2. Nf3 Nc6 3. Bb5 a6 4. Ba4 Nf6 5. O-O Be7 6. d3 b5 7. Bb3 d6 8. c3 O-O 9. a4 {[%emt 0:00:35] 9.h3 is a critical line.
C84: Closed Ruy Lopez: Unusual White 6th moves.} b4 10. a5 Rb8 11. Nbd2 h6 12. Nc4 {[%emt 0:03:33] [#]} Re8 $146 ({Predecessor:} 
12... bxc3 13. bxc3 Be6 14. Qc2 Nd7 15. Be3 d5 16. Ncd2 Nc5 17. Bxc5 Bxc5 18.
Rfe1 dxe4 19. dxe4 {0-1 (40) Safarli,E (2660)-Inarkiev,E (2680)
Khanty-Mansiysk 2013}) 13. Bd2 bxc3 14. bxc3 Bf8 15. Re1 Bd7 16. Qc2 Qc8 17. Ba4 Ne7 18. d4 Bxa4 19. Qxa4 exd4 20. cxd4 d5 21. exd5 Nexd5 22. Nce5 Rb2 23. Rab1 Qb7 (23... Rxb1
$11 24. Rxb1 c5) 24. Rxb2 $1 $14 Qxb2 25. Rc1 (25. Qc4 $5 ) 25... Rb8 {[%emt 0:08:09] The
position is equal.} 26. Qc6 Qb5 27. Qc2 Qb3 28. Qc6 Qb5 29. Qc2 Qb3 30. Qc6 Qb5
{[%emt 0:00:27] Weighted Error Value: White=0.07 (flawless) /Black=0.05 
(flawless)} 1/2-1/2

[Event "44th Chess Olympiad Open 2022"]
[Site "Chennai"]
[Date "2022.08.03"]
[Round "6.17"]
[White "Blagojevic, Dragisa"]
[Black "Acs, Peter"]
[Result "1/2-1/2"]
[WhiteElo "2499"]
[BlackElo "2575"]
[Annotator "TA"]
[PlyCount "38"]
[EventDate "2022.??.??"]
[TimeControl "60"]

1. d4 d5 2. c4 c6 3. Nc3 Nf6 4. e3 e6 5. Nf3 Nbd7 6. Qc2 Bd6 7. b3 O-O 8. Be2 b6 9. O-O Bb7 10. Bb2 Qe7 11. e4 Nxe4 12.
Nxe4 dxe4 13. Qxe4 Ba3 $5 {
[%emt 0:06:43] Exploring less charted territory. D45: Semi-Slav: 5 e3.} 14. Bc3 Bb4 {[%emt 0:09:51] [#]} 15. Bb2 $146 ({
Predecessor:} 15. Bxb4 Qxb4 16. Ne5 Nf6 17. Qf3 Qd6 18. Rfd1 Rad8 19. Rac1 Qc7
20. c5 bxc5 21. Rxc5 Nd7 22. Nxd7 Rxd7 23. Qe3 Rfd8 24. Bf3 Rd6 {1-0 (24)
Sokolin,L (2435)-Sorokin,M (2550) Moscow 1992}) 15... Ba3 16.
Bc3 Bb4 17. Bb2 Ba3 18. Bc3 Bb4 19. Bb2 Ba3 {[%emt 0:01:38] Not much happened in this game. Weighted Error
Value: White=0.20 (precise) /Black=0.05 (flawless)} 1/2-1/2

[Event "44th Chess Olympiad Open 2022"]
[Site "Chennai"]
[Date "2022.08.03"]
[Round "6.18"]
[White "Deac, Bogdan-Daniel"]
[Black "Hansen, Eric"]
[Result "1-0"]
[WhiteElo "2692"]
[BlackElo "2606"]
[Annotator "TA"]
[PlyCount "59"]
[EventDate "2022.??.??"]
[TimeControl "60"]

1. d4 Nf6 2. c4 e6 3. Nc3 d5 4. Nf3 c5 5. e3 a6 6. cxd5 exd5 7. g3 {[%emt 0:00:21]
D40: Queen's Gambit Declined: Semi-Tarrasch with 5 e3.} Nc6 8.
Bg2 Bd6 9. O-O {[%emt 0:03:41] White is
slightly better.} O-O 10. b3 cxd4 11. Nxd4 {[%emt 0:03:55] [#]} Bg4 $146 ({Predecessor:
} 11... Be5 12. Nxc6 bxc6 13. Bb2 Bb7 14. Qc2 Rc8 15. Rfd1 Nd7 16. Na4 Qf6 17.
Rac1 Bxb2 18. Qxb2 Qxb2 19. Nxb2 {1-0 (39) Ringoir,T (2527)-Arribas Lopez,A 
(2480) Charlotte 2018}) 12. Qd2 Nxd4 13. Qxd4 Re8 $1 14. Nxd5 Be5 15. Nxf6+ Qxf6 {[%emt 0:00:03] [#]} 16. Qxg4 {
[%emt 0:00:14] And now Rb1 would win.} Bxa1 17. Bxb7 Ra7 18. Bd5 Bb2 19.
Qa4 Rd8 20. e4 Bxc1 21. Rxc1 g6 22. Qa5 Kg7 23. Kg2 Rd6 24. Rc7 Rd7 (24... Rxc7 $2 25. Qxc7 Kh6 26. h4 $18 (26. Qxf7 Qxf7 27. Bxf7 Rd2 $14))
25. Rc8 {[%emt 0:01:50] White is more active.} Qe5 $2 {[%emt 0:08:38] [#] This
costs Black the game.} (25... Rd6 $14) 26. Rg8+ $1 $18 Kf6 (26... Kxg8 $142 27. Bxf7+ Rxf7 28. Qxe5 Rac7) 27. Qb6+ Ke7 28. Qc5+ Kf6 29. f4 Qb2+ 30. Kf3 {[%emt 0:00:24]
Weighted Error Value: White=0.06 (flawless) /Black=0.86} 1-0

[Event "44th Chess Olympiad Open 2022"]
[Site "Chennai"]
[Date "2022.08.03"]
[Round "6.18"]
[White "Parligras, Mircea-Emilian"]
[Black "Noritsyn, Nikolay"]
[Result "0-1"]
[WhiteElo "2576"]
[BlackElo "2482"]
[Annotator "TA"]
[PlyCount "98"]
[EventDate "2022.??.??"]
[TimeControl "60"]

1.
d4 d5 2. c4 dxc4 3. e3 e5 4. Bxc4 Nc6 5. Nf3 e4 6. Nfd2 {[%emt 0:
00:00] D20: Queen's Gambit Accepted: 3 e3 and 3 e4.} Qg5 7.
Nxe4 {[%emt 0:00:56] The main line 7.Nxe4 scores better than 7.g3.} Qxg2 8. Ng3 {[%emt 0:00:08] White is slightly better.} Qh3 9. Nc3 Bd6 {[%emt 0:00:24] [#]} 10. Bf1 $146 ({Predecessor:} 10. Qf3 Nh6 11. Bf1 Qh4 12. Qe4+ Qxe4 13. Ngxe4 Be7 14.
Nd5 O-O 15. Bg2 Bd8 16. Bd2 {1-0 (58) Andreikin,D (2728)-Alekseenko,K (2693)
Yasnaya Polyana 2021}) 10... Qh4 11. Bg2 Nh6 (11... Bh3 $5 12. Qf3 Bxg2 13. Qxg2 Nge7 $11)
12. Nb5 Bh3 13. Nxd6+ cxd6 14. Qh5 Qxh5 15. Bxc6+ bxc6 16. Nxh5 g6 17. Nf4 Bg4 18.
Rg1 f6 19. Bd2 g5 20. Nd3 ({White should play} 20. Ne2 $1 $11) 20... Bf3
$15 21. Rg3 g4 22. Bc3 (22. e4 $15 Nf7 23. Kf1) 22... Nf5 23. Rg1 Kf7 24. Kd2 h5 25. b4 Be4 26. Rgc1 (26. Ke2 $17) 26... h4 $19 27. Ke2 {[%emt 0:
04:34] [#]} Rae8 $1 28. Bd2 $2 (28. Nf4 {
is more resistant.}) 28... Bf3+ 29. Kf1 g3 30. h3 Rhg8 {[%emt 0:00:22][%cal Yf3e2]
Threatens to win with ...Be2+!} 31. Nf4 {[%emt 0:00:32] Inhibits Be2+.} Be4 {
[%emt 0:01:37] Black is much more active.} 32. Be1 Ne7 33. b5 Rb8 (33... g2+ $6 34.
Kg1 $11) (33... cxb5 $17 34. Rc7 Rc8) 34. a4 Rb7 35. Ra3 cxb5 36. axb5 Nd5 (36... Rxb5 37. Rxa7 g2+ 38. Kg1 $11) 37. Nxd5 Bxd5 38. Ra6 ({Better is} 38. e4 $1
$15 Bxe4 39. fxg3) 38... Ke6 39. Bb4 Rd8 ({Not} 39... Rxb5 40. Rxd6+ Kf5 41. Be1 $17) 40. Be1 Rg8 41. Bb4 Rb6 ({
Stronger than} 41... Rxb5 42. Rxd6+ Kf5 43. Be1 $17) 42. Rxa7 $2 {[%emt 0:00:
00] Loses the game.} (42. Rxb6 $17 {was necessary.} axb6 43. Be1) 42... gxf2 ({Don't blunder} 42... Rxb5 $2 43. Ba3 $19) 43. Kxf2 (43. Ba3 Rg3 44. Kxf2) 43... Rxb5 44. Ba3 Be4 {[%emt 0:03:10] [#] aiming for ...Rg2+.} 45. Ke1 (45.
d5+ $142 Rxd5 46. Ra4 Rg2+ 47. Ke1) 45... Rb3 46. d5+ Kf5 {[%emt 0:05:02] Black mates.} 47. Kf2 Rg2+ 48. Kf1 Ra2 49. Bc5 Rh2 {[%emt 0:00:16] Weighted Error Value: White=0.60/Black=0.
10 (very precise)} 0-1

[Event "44th Chess Olympiad Open 2022"]
[Site "Chennai"]
[Date "2022.08.03"]
[Round "6.18"]
[White "Preotu, Razvan"]
[Black "Jianu, Vlad-Cristian"]
[Result "1/2-1/2"]
[WhiteElo "2445"]
[BlackElo "2511"]
[Annotator "TA"]
[PlyCount "86"]
[EventDate "2022.??.??"]
[TimeControl "60"]

1. e4 c6 2. Nc3 d5 3. Nf3 Bg4 4. h3 Bxf3 5. Qxf3 e6 6. Be2 Bc5 {[%emt 0:00:42] B11: Caro-Kann: Two Knights Variation.} 7.
O-O Nd7 8. exd5 exd5 9. Re1 {[%emt 0:00:57] Black must now prevent Ba6+.} Ne7 10. Na4 Bd6 11. d4 O-O 12. Bd3 Ng6 {[%emt 0:00:59] [#]} 13. Bd2 $146 ({
Predecessor:} 13. Nc3 Qc7 14. Ne2 Rfe8 15. Bd2 Nf6 16. g3 Ne4 17. Be3 Re6 18.
c4 Bb4 19. cxd5 cxd5 {½-½ (29) Albers,S (2117)-Verheul,J (1707) Almelo 2022})
13... Qh4 14. Qg4 (14. Qf5 {is more complex.}
Nf6 15. c3 Bf4 16. Bxf4 Qxf4 17. Nc5) 14... Qxg4 15. hxg4 Rfe8 16. g3 Ngf8 17. Nc3 Ne6 18. Ne2 h6 19. Kg2 Re7 20. f3 Rae8 21. Be3 $2 {[%emt 0:00:23] [#]} (21. Rad1 $11)
21... a6 (21... Bb4 $1 $17 22. c3 {[#]} Nec5 $1
) 22. Bf2 $11 Ng5 23. Rad1 Nb6 24. b3 Nd7 25. c3 Nf6 26. Rd2
{[%emt 0:01:21] [#]} (26. Nf4 $14) 26... Nfe4 $1 27. fxe4 dxe4 28. Ng1 $1 exd3 29. Rxe7 Rxe7 30. Rxd3 Re4 31. d5 {[%emt 0:08:11] And now dxc6
would win.} c5 (31... Rxg4 $2 32. dxc6 Bxg3 33. cxb7 (33. Bxg3
bxc6 34. Nh3 Re4 $18) (33. Rxg3 Rxg3+ 34. Bxg3 bxc6 $18) 33... Bb8+ 34. Kf1 $18
) 32. Re3 Rxg4 {[%emt 0:01:42] ...f5 is the strong threat.}
33. Re8+ Kh7 34. Nf3 f5 ({Better is} 34... Ne4 $15 35. Ne5 Nxf2 36. Nxg4 Nxg4) 35.
Nxg5+ Rxg5 {[%emt 0:00:36] Endgame KRB-KRB} 36. Kf3 Rg6 37. c4 b6 38.
Rd8 {[%emt 0:19:49] White has compensation.} (38. Ra8 $5 ) 38...
a5 {[%emt 0:04:58] The position is equal.} 39. Rd7 Kg8 {
[%emt 0:01:33] Inhibits Rf7.} 40. Rb7 Be5 41.
Re7 Bd6 42. Rb7 Be5 43. Re7 Bd6 {[%emt 0:01:02] Weighted Error
Value: White=0.14 (very precise) / Black=0.11 (very precise)} 1/2-1/2

[Event "44th Chess Olympiad Open 2022"]
[Site "Chennai"]
[Date "2022.08.03"]
[Round "6.19"]
[White "Yilmaz, Mustafa"]
[Black "Schitco, Ivan"]
[Result "1/2-1/2"]
[WhiteElo "2634"]
[BlackElo "2490"]
[Annotator "TA"]
[PlyCount "134"]
[EventDate "2022.??.??"]
[TimeControl "60"]

1. d4 d5 2. c4 e6 3. Nc3 Nf6 4. cxd5 Nxd5 5. e4 Nxc3 6.
bxc3 c5 7. Nf3 cxd4 8. cxd4 Bb4+ 9. Bd2 Bxd2+ 10. Qxd2 O-O 11. h4 {[%emt 0:00:03] D41: Queen's Gambit Declined: Semi-Tarrasch with 5 cxd5.
} Nc6 {[%emt 0:13:13] [#]} 12. Be2 $146 ({Predecessor:} 12.
Bb5 Qb6 13. Rb1 Rd8 14. Bd3 Qc7 15. Rc1 Qd6 16. e5 Qb4 17. Be4 Bd7 18. Rb1
Qxd2+ 19. Kxd2 {1-0 (69) Hasenohr,B (2254)-Tschlatscher,T (2155) Wuerttemberg
2020}) 12... Qe7 13. Rd1 {[%emt 0:15:23] White has an edge.}
Rd8 14. O-O h6 15. Qf4 Qf6 16. Qe3 Bd7 17. Rd2 Ne7 18. h5 Nc6
$1 19. Rfd1 a6 20. d5 (20. Ne5 $14 {deserves consideration.}) 20... exd5 $11 21. exd5 Ne7 22. d6 Nc6 23. Qb6 Rab8 24.
Nh2 Qf4 {[%emt 0:02:39] Prevents Ng4.}
25. Nf1 Qb4 26. Qxb4 (26.
Rb1 {looks sharper.} Qf4 27. Ne3 Be6 28. Rbd1) 26... Nxb4 27.
Ne3 Be6 28. a3 Nc6 29. f4 {[%emt 0:00:51][%cal Yf2f4,Yf4f5] White is more active.} (29.
Nd5 $5 ) 29... Rd7 {[%emt 0:02:31] [#]} (29... b5 $11 {keeps the
balance.}) 30. Rb1 ({White should play} 30. Nd5 $1 $16 ) 30... Na5 $1 31. Rb6 {[%emt 0:02:36] And now
f5 would win.} Rc8 32. f5 Bb3 33. Rd3 Ba2 34. Rd2 Bb3 35. Rd3 Ba2 36. Bf3 Kf8 37. Kf2 Rc5 38.
Rd2 (38. Rb2 {with more complications.} Bc4 39. Nxc4 Nxc4 40.
Rxb7 Rxd6 41. f6) 38... Bb3 {[%emt 0:00:15] The position is equal.} (38... Nc4
$2 39. Nxc4 (39. Rxb7 Rxb7 40. Nxc4 Rb8 $11) 39... Bxc4 40. Rc2 $18 (40. Bxb7
Rxf5+ 41. Bf3 Rd8 $16) (40. Rxb7 Rxb7 41. Bxb7 Rxf5+ 42. Ke3 Ke8 $11)) 39. Rd3 Ba2 40. a4 f6 $1 41. g4 Bf7 42. Kg3 Ke8 43. Ng2 Nc4 44. Rxb7 Rxb7 45. Bxb7 Ne5 46. Rd4 Rc4 47. Rxc4 Bxc4 {[%emt 0:00:00] Endgame KBN-KBN} 48. Bc8 Nf7 49. d7+ Ke7 50. Ne3 Bb3
{[%emt 0:01:04] [#] Hoping for ...a5.} 51. a5 Ne5 52. Bxa6 Nc6 $1 53. Bb5 Nxa5 54. Ng2 Nb7 55. Nf4 Nc5 56. Ng6+ Kd8 57. Nf8 Ke7 58. Kf3 Bd1+ 59. Kf4 Bb3 60. Ke3 Bd1 61. Kf4 Bb3 62. Bc6 $1 Bd1 63. Kg3 Be2 64. Kf4 Bd1 65. Bb5 Bb3 66. Ke3 Bd1 67. Kf4 Bb3 {[%emt 0:
00:00] Weighted Error Value: White=0.09 (flawless) /Black=0.07 (flawless)}
1/2-1/2

[Event "44th Chess Olympiad Open 2022"]
[Site "Chennai"]
[Date "2022.08.03"]
[Round "6.19"]
[White "Sanal, Vahap"]
[Black "Baltag, Iulian"]
[Result "1/2-1/2"]
[WhiteElo "2574"]
[BlackElo "2405"]
[Annotator "TA"]
[PlyCount "105"]
[EventDate "2022.??.??"]
[TimeControl "60"]

1. e4 e5 2. Nf3 Nf6 3. Nxe5 d6 4. Nf3 Nxe4 5. d4 d5 6. Bd3 Bd6 7. O-O O-O 8. Re1 Bf5 9.
Nc3 {[%emt 0:00:50] C42: Petroff Defence: 3 Nxe5 and unusual White 3rd moves.}
Nxc3 10. bxc3 Bg4 11. h3 Bh5 12. Rb1 b6 13. c4 c6 14. cxd5 cxd5 15. c4 Nc6 16. cxd5 Nb4 17. Be4 {[%emt 0:17:46] [#]} f5 $146 ({Better is} 17... Nxa2 $11 18. Bd2 a5) ({Predecessor:} 17...
Re8 18. Bd2 Rxe4 19. Rxe4 Bg6 20. Rh4 Nxd5 21. Rc1 Be7 22. Rg4 Bf5 23. Rg3 Bd6
{1-0 (40) Ivanov,A (2588)-Bick,J (2238) Philadelphia 2006}) 18. Bd3 $14 Rc8 {[%emt 0:01:03] Against Bc4} 19.
Be2 Nxd5 {[%emt 0:12:48] [#] Threatens to win with .. .Nc3.}
20. Qb3 Kh8 21. Bg5 (21.
Qxd5 $16 Bh2+ 22. Nxh2 Qxd5 23. Bxh5) 21... Qd7 22. Ne5 ({Stronger than} 22. Ba6 {[#]} Rc3 $1 23. Qb5 (23. Qxd5 $2 Bh2+
24. Nxh2 Qxd5 $19) 23... Qxb5 24. Bxb5 Bxf3 25. gxf3 h6 $15) (22. Qxd5 $16 Bh2+
23. Nxh2 Qxd5 24. Bxh5) 22... Bxe5 $11 23. Bb5 ({Much worse is} 23. dxe5 Bxe2 24. Rxe2 Nc3 $17) 23... Bh2+ $1 24. Kxh2 Qd6+ 25. Re5 Nf6 (25... Nc3 $11 26. Qb4 Nxb5 27.
Qxb5 Qxd4) 26. Qe6 Qxd4 27. Rxf5 Bg6 28. Rf4 Qd5 29.
Qxd5 Nxd5 30. Rxf8+ Rxf8 31. Rc1 h6 32. Bh4 Kh7 33. a3 Nf4 34. Rc3 Rf5 35. a4 Ne6 36. Rc8 Rc5 37. Ra8 Nc7 38. Rxa7 Nxb5 39. axb5 $14 {[%emt 0:00:02] Endgame And
now Bf6 would win. KRB-KRB} Kg8 40. Ra8+ Kh7 41. Ra7 {[%emt 0:30:05] Black must now prevent Bf6.} Kg8 $1 42. Rd7 Rxb5 43. Rd6 Bf7 44. f3 (44. Bd8 $5 ) 44... Rb2 {[%emt 0:00:00] The position is equal.} 45. Bg3 b5 46. Rb6 b4 47. Be5 Re2 48. Rb8+ Kh7 49. Bd4 b3 50. Rb7 Kg8 51. Rb8+ Kh7 52.
Rb7 Kg8 53. Rb8+ {[%emt 0:00:00] Weighted
Error Value: White=0.11 (very precise) /Black=0.10 (very precise)} 1/2-1/2

[Event "44th Chess Olympiad Open 2022"]
[Site "Chennai"]
[Date "2022.08.03"]
[Round "6.19"]
[White "Macovei, Andrei"]
[Black "Can, Emre"]
[Result "1-0"]
[WhiteElo "2478"]
[BlackElo "2606"]
[Annotator "TA"]
[PlyCount "40"]
[EventDate "2022.??.??"]
[TimeControl "60"]

1. e4 {[%emt 0:00:03] ChessBase II} c5 2. Nf3 d6 3. d4 cxd4 4. Nxd4 Nf6 5. Nc3 Nc6 6. Bg5 e6 7. Qd2 Be7 8. O-O-O a6 9. f3 Nxd4 10. Qxd4 b5
{[%emt 0:00:19] B66: Sicilian: Richter-Rauzer: 7...a6 8 0-0-0 h6.} 11. h4 {
[%emt 0:11:04] 11.Kb1 might become the main line.} Bb7 12. Qd2 O-O {[%emt 0:03:22] The position is equal.} 13. Bd3 Qc7 14. Ne2 d5 15. e5 {[%emt 0:22:42] [#]} Ne4 {[%emt 0:00:16] [#]} 16. Bxe4
$146 (16. Qe3 Bc5) ({Predecessor:} 16. fxe4 dxe4 17. Bxe7 Qxe7
18. Nf4 exd3 19. Qxd3 Rfd8 20. Qg3 Be4 21. Nh5 Bg6 22. Nf4 Be4 23. Nh5 Bg6 24.
Nf4 {½-½ (24) Maze,S (2627)-Demuth,A (2545) Agen 2016 CBM 174 [ChessBase II]}
) 16... dxe4 17. Bxe7 Qxe7 18. f4 Rad8 {[%emt 0:04:43] Inhibits Qd7.} 19. Qe3 Rd4 $2 {[%emt 0:00:18] [#]} 20. Rd2 $2 (20. Rxd4 $18 Ba8 21. Nc3) 20...
Rxd2 {[%emt 0:16:57] Weighted Error Value: White=0.86/Black=0.08 (flawless) .
Loss on time!?} 1-0

[Event "44th Chess Olympiad Open 2022"]
[Site "Chennai"]
[Date "2022.08.03"]
[Round "6.19"]
[White "Ceres, Dragos"]
[Black "Solak, Dragan"]
[Result "0-1"]
[WhiteElo "2378"]
[BlackElo "2594"]
[Annotator "TA"]
[PlyCount "78"]
[EventDate "2022.??.??"]
[TimeControl "60"]

1. e4 c5 2. c3 Nf6 3. e5 Nd5 4. Nf3 Nc6 5. Bc4 Nb6 6. Bb3 c4 7. Bc2 d6 8. exd6 Qxd6 9. O-O Bg4 {[%emt 0:01:47] B22: Sicilian: 2 c3.} 10. Re1 {[%emt 0:00:18]
Inhibits Ne5.10.Re1 is better than 10.h3.} e6 11.
h3 Bh5 {[%emt 0:00:44][%cal Yc6e5] White is slightly better.}
12. b3 Be7 13. Na3 cxb3 14. axb3 O-O 15. d4 Nd5 16. Bd2 Rac8 {[%emt 0:05:01] [#]}
(16... Qc7 $11 {is more appropriate.}) 17. Nb5 $146 (17. g4
$14 Bg6 18. Bxg6 hxg6 19. Nb5) ({Predecessor:} 17. Be4 Rfd8 18. Qe2 Bg6 19. Nc4
Qb8 20. Bxg6 hxg6 21. Nce5 Nxe5 22. Nxe5 Qd6 23. Rxa7 {1-0 (34) Gabrielian,A 
(2554)-Nikologorskiy,K (2414) Moscow 2015}) 17... Qb8 $11 18.
g4 Bg6 19. Bxg6 hxg6 20. c4 Nf6 21. Ne5 a6 {[%emt 0:07:23] [#]} 22. Bf4 $1 {[%emt 0:03:41] Black must now
prevent Nxc6.} Nxe5 (22... Qa8 23. Qf3) 23. Bxe5 Qa8 24. d5 ({White should play} 24. g5
$14 Ne8 25. Qg4) 24... exd5 25. Nc7 Qa7 26. cxd5 Bb4 27. Re2 {
[%emt 0:01:15] [#]} Qb6 {[%emt 0:00:25] Threatens to win with ...Bd6.} 28. Rc2 Bd6 29. Bxd6 Qxd6 30. Rac1 Rcd8 31. g5 Nh5 $36 {[%emt 0:00:28] Keeping White busy.} (31...
Nxd5 $2 32. Rd2 Qf4 33. Nxd5 $18 (33. Rxd5 Rxd5 34. Nxd5 Qxg5+ 35. Kf1 Rd8 $14)
) 32. Qf3 Rd7 {[%emt 0:00:13] ...Rc8 is the strong threat.}
33. Rc4 (33. Qe3 $17) 33... Rfd8 (33... Rc8
$19 {is more deadly.} 34. Qc3 Kh7) 34. Qg4 $2 {[%emt 0:00:00] This costs White
the game.} (34. Qe3 $17) 34... Re7 35. Qd4 {[%emt 0:00:41] [#]
} Kh7 $2 (35... Ng3 $1 {aiming for ...Ne2+.} 36. R1c2 (36.
fxg3 $2 Qxg3+ 37. Kf1 Qxh3+ 38. Kf2 Qh2+ 39. Kf1 Re5 $19) 36... b5) 36. Qa7 $2 (36. Qc5 {is tougher.}) 36... Nf4 {[%emt 0:00:29] Black is
clearly winning.} 37. Kf1 (37. Qc5 $142 Qxc5 38. Rxc5) 37...
Nxd5 ({Stronger than} 37... Qe5 38. Qe3 Qxe3 39. fxe3 $11) 38.
Rh4+ Kg8 {[%emt 0:00:03] ( -> ...Qh2)} 39. Nxd5 Qxd5 {[%emt 0:00:00] Weighted Error Value: White=0.92/Black=0.29 (precise)
} 0-1